Map: Ultralove

Players

llllllllllll

  • Race: Protoss Protoss
  • League: Diamond
  • Spawn Location: 7:00

wootwoot - Winner!

  • Race: Terran Terran
  • League: Platinum
  • Spawn Location: 1:00

VOD

Have the link to the VOD?

Description

Time

  • Played on: April 21, 2025, 5:02 p.m.
  • Length: 3:20
Show
View Real Time Build Order
Export as new Build Order

llllllllllll Protoss 

Build Orders:  

Get SALT Encoding   

  12  0:00  Probe  
  13  0:16  Pylon  
  13  0:18  Probe  
  14  0:32  Probe  
  14  0:35  Gateway  
  14  0:40  Probe  
  15  0:47  Assimilator  
  16  0:57  Probe  
  16  1:00  Assimilator  
  17  1:09  Probe  
  18  1:19  Gateway  
  18  1:28  Cybernetics Core  
  18  1:32  Probe  
  19  1:39  Pylon  
  19  1:44  Probe  
  20  1:55  Stalker x2  
  20  1:57  Probe  
  25  2:10  Probe  
  26  2:22  Probe  
  27  2:35  Probe  
  26  2:47  Probe  
  26  2:50  Nexus  
  27  3:03  Pylon  
Show
View Real Time Build Order
Export as new Build Order

wootwoot Terran - Winner!

Build Orders:  

Get SALT Encoding   

  12  0:00  SCV  
  13  0:12  SCV  
  14  0:20  Supply Depot  
  14  0:24  SCV  
  15  0:30  Refinery  
  15  0:42  SCV  
  16  0:49  Barracks  
  16  1:05  Barracks  
  16  1:20  Barracks  
  16  1:29  Refinery  
  16  1:36  Reaper  
  17  1:51  Reaper  
  18  1:54  Orbital Command  
  18  2:07  Reaper  
  18  2:08  Reaper  
  20  2:23  Reaper  
  20  2:24  Supply Depot  
  21  2:33  SCV  
  22  2:39  Reaper  
  23  2:45  Reaper  
  23  2:50  SCV  
  26  3:02  SCV  
Tags
 
Matchup
PvT
Replay Pack
#1B2M-Replays
Spawn Locations
Cross Positions
Add a new tag
Caveats
  • Supply blocks, unpowered buildings, or Contaminate may cause inaccurate times.
  • Supply counts are checked every 10 seconds.